 Dungeon Sprint DCSS version 0.20-a0-1121-gbb42413 (webtiles) character file.

1645 potatolord6000 the Fighter (level 8, -8/105 HPs)
             Began as an Ogre Gladiator on May 10, 2017.
             Was an Initiate of Gozag.
             Mangled by a sea snake (15 damage)
             ... in the Dungeon (Sprint VII: "The Pits").
             The game lasted 00:06:18 (1438 turns).

potatolord6000 the Fighter (Ogre Gladiator)         Turns: 1438, Time: 00:06:20

Health: -8/105     AC:  4    Str: 32    XL:     8   Next: 99%
Magic:  8/8        EV: 22    Int:  9    God:    Gozag
Gold:   1119       SH:  0    Dex: 15    Spells: 7/7 levels left

rFire    . . .     SeeInvis .   j - +0 giant spiked club
rCold    . . .     Gourm    .   (shield currently unavailable)
rNeg     . . .     Faith    .   b - +0 robe
rPois    .         Spirit   .   c - +0 hat
rElec    .         Reflect  .   t - +0 cloak
rCorr    .         Harm     .   (gloves unavailable)
MR       .....     NoTele   +   (boots unavailable)
Stlth    ++........             (no amulet)
Regen    0.3/turn               h - +3 ring of strength
MPRegen  0.2/turn               q - +3 ring of strength

@: mighty, agile, flayed, frozen, very slow
A: unfitting armour, tough skin 1
a: Potion Petition, Call Merchant, Bribe Branch, Renounce Religion


You were in the Dungeon.
You worshipped Gozag.
Gozag was most pleased with you.
You were completely stuffed.

You visited 1 branch You collected 1746 gold pieces.
You paid 627 gold pieces to Gozag.

Inventory:

Hand Weapons
 j - a +0 giant spiked club (weapon)
Armour
 b - a +0 robe (worn)
 c - a +0 hat (worn)
 t - a +0 cloak (worn)
Jewellery
 h - a +3 ring of strength (left hand)
 q - a +3 ring of strength (right hand)
Scrolls
 k - a scroll of blinking
 l - 3 scrolls of remove curse
 m - 5 scrolls of amnesia
 n - a scroll of summoning
Potions
 a - a potion of invisibility
 e - 5 potions of curing
 g - 11 potions of heal wounds
 i - 4 potions of magic
Comestibles
 f - 8 bread rations
 o - 40 fruits
 p - 5 meat rations


   Skills:
 + Level 14.2 Fighting
 + Level 10.7 Maces & Flails
 - Level 2.0 Throwing
 + Level 10.7 Dodging


You had 7 spell levels left.
You didn't know any spells.

Dungeon Overview and Level Annotations

Branches:
Dungeon (1/1)

Altars:
Ashenzari
Cheibriados
Dithmenos
Elyvilon
Fedhas
Gozag
Hepliaklqana
Kikubaaqudgha
Makhleb
Nemelex Xobeh
Okawaru
Qazlal
Ru
Sif Muna
Trog
Uskayaw
Vehumet
Wu Jian
Xom
Yredelemnul
Zin
The Shining One
Beogh
Jiyva
Lugonu

Shops:
D (


Innate Abilities, Weirdness & Mutations

You are too large for most types of armour.
You have tough skin. (AC +1)


Message History

You feel very sick. The rime drake closely misses you. The sea snake bites you!
The tyrant leech bites you!
The tyrant leech draws strength from your injuries!
The rime drake barely misses you.
You feel agile all of a sudden.
* * * LOW HITPOINT WARNING * * *
You feel very sick.
The sea snake bites you but does no damage.
The tyrant leech completely misses you.
The flayed ghost cries, "Feel what I felt!"
The rime drake barely misses you. The sea snake barely misses you.
You feel better. The rime drake breathes ice at you. The flash freeze hits you!
* * * LOW HITPOINT WARNING * * *
You are encased in ice.
The sea snake bites you!
You die...
Your body crumbles into a pile of gold.

....#..#......#
..............+
..............+
....#..#......#
..............#
#'#####''######
.....##''################
.....##..#.....k.......W#
.....##..##...ew@KY......
.<...##..####.WS#'######.
.....##..#..#####.##
.....##..#....##...#
.....##..'.....#...#
#######..'.....'...+
#######..'.!...#...#
#..[.##..#....##...#
#..[[##..#..#####.##


You could see a sea snake, a tyrant leech, a flayed ghost, a freezing wraith
(wandering), a deep elf mage, a yak, a rime drake and a kobold.

Vanquished Creatures
  A molten gargoyle (D)
  A spiny frog (D)
  A jumping spider (D)
  Grinder (D)
  A hippogriff (D)
  A warg (D)
  A phantom (D)
  An ogre (D)
  A big kobold (D)
  A hound (D)
  2 worker ants (D)
  A mummy (D)
  A river rat (D)
  A white imp (D)
  2 ufetubi (D)
  2 oozes (D)
  An adder zombie (D)
  A worm (D)
  2 orcs (D)
  A ball python (D)
  2 goblins (D)
  A frilled lizard (D)
27 creatures vanquished.

Notes
Turn   | Place    | Note
-------+----------+-------------------------------------------
     0 | D        | potatolord6000 the Ogre Gladiator began the quest for the Orb.
     0 | D        | Reached XP level 1. HP: 22/22 MP: 1/1
    16 | D        | Reached skill level 3 in Fighting
    47 | D        | Found a bloodstained altar of Trog.
    47 | D        | Found a deep blue altar of Sif Muna.
    47 | D        | Found a viscous altar of Jiyva.
    47 | D        | Found a hazy altar of Hepliaklqana.
    47 | D        | Found an opulent altar of Gozag.
    48 | D        | Found a glowing golden altar of the Shining One.
    48 | D        | Found a glowing silver altar of Zin.
    48 | D        | Found a basalt altar of Yredelemnul.
    48 | D        | Found a shimmering altar of Xom.
    48 | D        | Found an ornate altar of the Wu Jian Council.
    48 | D        | Found a sacrificial altar of Ru.
    48 | D        | Found a stormy altar of Qazlal.
    48 | D        | Found an iron altar of Okawaru.
    48 | D        | Found a sparkling altar of Nemelex Xobeh.
    48 | D        | Found a burning altar of Makhleb.
    48 | D        | Found a blossoming altar of Fedhas.
    48 | D        | Found a white marble altar of Elyvilon.
    48 | D        | Found a shadowy altar of Dithmenos.
    48 | D        | Found a snail-covered altar of Cheibriados.
    51 | D        | Found a corrupted altar of Lugonu.
    51 | D        | Found a radiant altar of Vehumet.
    51 | D        | Found a roughly hewn altar of Beogh.
    52 | D        | Found an ancient bone altar of Kikubaaqudgha.
    52 | D        | Found a hide-covered altar of Uskayaw.
    52 | D        | Found a shattered altar of Ashenzari.
    55 | D        | Became a worshipper of Gozag Ym Sagoz the Greedy
    72 | D        | Reached XP level 2. HP: 27/32 MP: 2/2
    75 | D        | Reached skill level 4 in Fighting
   268 | D        | Noticed a big kobold
   292 | D        | Killed a big kobold
   292 | D        | Reached skill level 7 in Fighting
   292 | D        | Reached skill level 5 in Maces & Flails
   292 | D        | Reached skill level 5 in Dodging
   292 | D        | Reached XP level 3. HP: 5/46 MP: 3/3
   292 | D        | Reached XP level 4. HP: 7/55 MP: 4/4
   601 | D        | Noticed a phantom
   601 | D        | Noticed a warg
   608 | D        | Killed a warg
   608 | D        | Reached skill level 9 in Fighting
   608 | D        | Reached XP level 5. HP: 47/67 MP: 5/5
   626 | D        | Reached XP level 6. HP: 45/75 MP: 6/6
   665 | D        | Killed a phantom
   665 | D        | Reached skill level 10 in Fighting
   896 | D        | Noticed a molten gargoyle
   899 | D        | Killed a molten gargoyle
   899 | D        | Reached skill level 11 in Fighting
   899 | D        | Reached XP level 7. HP: 73/89 MP: 7/7
   903 | D        | Noticed Grinder
   908 | D        | Reached skill level 12 in Fighting
   925 | D        | Killed Grinder
   925 | D        | Reached XP level 8. HP: 64/101 MP: 8/8
  1064 | D        | Noticed a spiny frog
  1064 | D        | Noticed a hippogriff
  1069 | D        | Killed a spiny frog
  1069 | D        | Reached skill level 13 in Fighting
  1069 | D        | Reached skill level 10 in Maces & Flails
  1069 | D        | Reached skill level 10 in Dodging
  1072 | D        | Killed a hippogriff
  1207 | D        | Noticed a jumping spider
  1216 | D        | Killed a jumping spider
  1216 | D        | Reached skill level 14 in Fighting
  1432 | D        | Noticed a flayed ghost
  1432 | D        | Noticed a deep elf mage
  1432 | D        | Noticed a rime drake
  1433 | D        | Noticed a sea snake
  1433 | D        | Noticed a yak
  1433 | D        | Noticed a tyrant leech
  1434 | D        | Noticed a yak
  1438 | D        | Mangled by a sea snake

Vault maps used:
D:        pitsprint

Skill      XL: |  1  2  3  4  5  6  7  8 |
---------------+-------------------------+-----
Fighting       | 3 7 9 11 12 14 | 14.2
Maces & Flails | 3 5 6 8 9 10 | 10.7
Dodging        | 3 5 6 8 9 10 | 10.7
Throwing       | |  2.0

Action                   |  1- 3 |  4- 6 |  7- 9 || total
-------------------------+-------+-------+-------++-------
Melee: Flail             |     3 |       |       ||     3
       Mace              |    30 |    49 |    23 ||   102
       Giant spiked club |       |       |     7 ||     7
Invok: Potion Petition   |       |       |     1 ||     1
       Call Merchant     |       |       |     1 ||     1
  Use: Potion            |     3 |     5 |     6 ||    14
 Stab: Sleeping          |       |     1 |       ||     1
       Invisible         |       |       |     2 ||     2
  Eat: Meat ration       |     1 |       |     1 ||     2
Armor: Robe              |    14 |    20 |    11 ||    45
Dodge: Dodged            |    30 |    20 |    23 ||    73
